 Dungeon Crawl Stone Soup version 0.30-a0-297-g0ec75d9ef4 (webtiles) character file.

Game seed: 10863010725178715308

42 lonewolfV2 the Stinger (level 3, -1/25 HPs)
             Began as a Gnoll Venom Mage on Oct 20, 2022.
             Slain by a jackal (3 damage)
             ... on level 3 of the Dungeon.
             The game lasted 00:04:52 (1999 turns).

lonewolfV2 the Stinger (Gnoll Venom Mage)           Turns: 1999, Time: 00:04:53

Health: -1/25      AC:  2    Str:  7    XL:     3   Next: 54%
Magic:  0/9        EV: 13    Int: 16    God:
Gold:   68         SH:  0    Dex: 12    Spells: 9/12 levels left

rFire   + . .      SeeInvis .    (no weapon)
rCold   x . .      Faith    .    (no shield)
rNeg    + . .      Spirit   .    a - +0 robe
rPois   .          Reflect  .    (no helmet)
rElec   .          Harm     .    (no cloak)
rCorr   .          Rampage  .    (no gloves)
Will    .....                    (no boots)
Stlth   ++........               (no amulet)
HPRegen 0.24/turn                c - ring of fire
MPRegen 0.11/turn                g - ring of positive energy

@: flying, invisible
A: fangs 1, strong nose, distributed training
a: no special abilities


You were on level 3 of the Dungeon.
You visited 1 branch of the dungeon, and saw 3 of its levels.

You collected 68 gold pieces.

Inventory:

Armour
 a - a +0 robe (worn)
Jewellery
 c - a ring of fire (left hand)
 g - a ring of positive energy (right hand)
Scrolls
 e - a scroll of identify {unknown}
 h - a scroll of silence {unknown}
Potions
 b - a potion of magic


   Skills:
 + Level 0.9 Fighting
 + Level 0.9 Short Blades
 + Level 0.9 Long Blades
 + Level 0.9 Axes
 + Level 0.9 Maces & Flails
 + Level 0.9 Polearms
 + Level 0.9 Staves
 + Level 0.9 Ranged Weapons
 + Level 0.9 Throwing
 + Level 0.9 Armour
 + Level 4.5 Dodging
 + Level 4.2 Stealth
 + Level 0.9 Shields
 + Level 0.9 Unarmed Combat
 + Level 5.0 Spellcasting
 + Level 0.6 Conjurations
 + Level 0.6 Hexes
 + Level 0.6 Summonings
 + Level 0.6 Necromancy
 + Level 0.6 Translocations
 + Level 2.1 Transmutations
 + Level 0.6 Fire Magic
 + Level 0.6 Ice Magic
 + Level 0.6 Air Magic
 + Level 0.6 Earth Magic
 + Level 5.4 Poison Magic
 + Level 1.0 Invocations
 + Level 0.9 Evocations


You had 9 spell levels left.
You knew the following spells:

 Your Spells              Type           Power      Damage    Failure   Level
a - Sting                 Tmut/Pois      64%        1d6       3%          1
b - Poisonous Vapours     Pois/Air       26%        N/A       7%          2

Your spell library contained the following spells:

 Spells                   Type           Power      Damage    Failure   Level
 Olgreb's Toxic Radiance  Pois           21%        N/A       16%         4
 Static Discharge         Conj/Air       12%        2-3/arc   19%         2
 Mephitic Cloud           Conj/Pois/Air  11%        N/A       19%         3
 Vhi's Electric Charge    Tloc/Air       12%        N/A       34%         3
 Arcjolt                  Conj/Air       3%         1d13      97%         5
 Lightning Bolt           Conj/Air       3%         1d14      97%         5


Dungeon Overview and Level Annotations

Branches:
Dungeon (3/15)

Altars:

Shops:
D:2 [


Innate Abilities, Weirdness & Mutations

You have very sharp teeth.
Your uncanny sense of smell can sniff out nearby items.
Your experience applies equally to all skills.


Message History

You hit the jackal.
The jackal is moderately wounded.
The jackal bites you but does no damage.
The jackal bites you.
* * * LOW HITPOINT WARNING * * *
You closely miss the jackal.
The jackal is moderately wounded.
The jackal misses you. The jackal bites you.
* * * LOW HITPOINT WARNING * * *
The jackal misses you.
The jackal bites you but does no damage.
It was a potion of flight.
You feel very buoyant.
You fly up into the air.
The jackal misses you. The jackal closely misses you.
It was a potion of invisibility.
You fade into invisibility!
The jackal bites you but does no damage.
The jackal bites you.
* * * LOW HITPOINT WARNING * * *
The jackal closely misses you.
Casting: Sting (safe; 3% risk of failure)
Confirm with . or Enter, or press ? or * to list all spells.
Aiming: Sting (safe; 3% risk of failure)
Press: ? - help, Shift-Dir - straight line, f - jackal
Aim: a jackal (moderately wounded, unable to see you, 67% to hit)
The sting hits the jackal but does no damage.
The jackal is poisoned.
The jackal is moderately wounded.
The jackal barely misses you. x3
Casting: Sting (safe; 3% risk of failure)
Confirm with . or Enter, or press ? or * to list all spells.
Aiming: Sting (safe; 3% risk of failure)
Press: ? - help, Shift-Dir - straight line, f/p - jackal
Aim: a jackal (moderately wounded, unable to see you, poisoned, 67% to hit)
The sting hits the jackal.
The jackal looks even sicker.
You kill the jackal!
The jackal barely misses you.
You hit the jackal but do no damage. The jackal closely misses you. x2
You hit the jackal but do no damage. The jackal bites you.
You die...

∆ ... .. .#.#
#.# .#.# . #..
..... ..
..###..#.. ...
......... ....
##.....#..
.....#.@.....#
......h.###..#..
........<.......
....#.#.##.#.##.
### #.#.# #
#.#$. # ###


You could see a jackal (unable to see you).

Vanquished Creatures
  A dart slug (D:2)
  4 bats
  5 endoplasms
  A giant cockroach (D:2)
  5 goblins
  3 hobgoblins (D:1)
  2 jackals (D:3)
  4 kobolds
  6 ball pythons
  2 rats (D:1)
33 creatures vanquished.

Notes
Turn   | Place    | Note
-------+----------+-------------------------------------------
     0 | D:1      | lonewolfV2 the Gnoll Venom Mage began the quest for the
                  | Orb.
     0 | D:1      | Reached XP level 1. HP: 13/13 MP: 6/6
    92 | D:1      | Reached XP level 2. HP: 19/19 MP: 0/7
   232 | D:1      | Learned a level 2 spell: Poisonous Vapours
   744 | D:2      | Found Ineustein's Antique Armour Shop.
   910 | D:2      | Reached skill level 5 in Spellcasting
   910 | D:2      | Reached XP level 3. HP: 25/25 MP: 0/9
  1499 | D:2      | Reached skill level 1 in Invocations
  1995 | D:3      | HP: 1/25 [jackal (3)]
  1999 | D:3      | Slain by a jackal

Illustrated notes

Levels and vault maps discovered:
D:1:      minmay_arrival_semitransparent, layout_rooms
D:2:      layout_basic, serial_shops,
          nicolae_shop_temple_entry_statues_fountains, wad_floor_pattern_1
D:3:      minmay_wonky_spiral, layout_loops_ring, serial_shops, shop,
          minivault_25, kennysheep_generic_room_15

Skill      XL: |  1  2  3 |
---------------+----------+-----
Transmutations | 2 |  2.1
Spellcasting   | 5 |  5.0
Invocations    | 1 |  1.0
Fighting       | |  0.9
Short Blades   | |  0.9
Long Blades    | |  0.9
Axes           | |  0.9
Maces & Flails | |  0.9
Polearms       | |  0.9
Staves         | |  0.9
Ranged Weapons | |  0.9
Throwing       | |  0.9
Armour         | |  0.9
Dodging        | |  4.5
Stealth        | |  4.2
Shields        | |  0.9
Unarmed Combat | |  0.9
Conjurations   | |  0.6
Hexes          | |  0.6
Summonings     | |  0.6
Necromancy     | |  0.6
Translocations | |  0.6
Fire Magic     | |  0.6
Ice Magic      | |  0.6
Air Magic      | |  0.6
Earth Magic    | |  0.6
Poison Magic   | |  5.4
Evocations     | |  0.9

Action                   || total
-------------------------++-------
Melee: Unarmed           ||    33
       Bite              ||     2
 Cast: Sting             ||    51
       Poisonous Vapours ||    21
  Use: Scroll            ||     3
       Potion            ||     2
Armor: Robe              ||    13
Dodge: Dodged            ||    80

Table legend: (Time is in decaauts)
 A = Elapsed time spent in this place.
 B = Non-inter-level travel time spent in this place.
 C = Inter-level travel time spent in this place.
 D = Time resting spent in this place.
 E = Time spent auto-exploring this place.
 F = Levels seen in this place.
 G = Mean time per level.
                   A        B        C        D        E       F      G
               +--------+--------+--------+--------+--------+-----+--------+
         Total |   1997 |   1922 |     75 |      0 |   1569 |   3 |  665.7 |
       Dungeon |   1997 |   1922 |     75 |      0 |   1569 |   3 |  665.7 |
               +--------+--------+--------+--------+--------+-----+--------+

Top non-repeatable levels by time:
     D:2: 1223 daAuts
     D:1: 739 daAuts
     D:3: 34 daAuts
